 Dungeon Crawl Stone Soup version 0.31-a0-845-g9abc20d24f (webtiles) character file.

Game seed: 17331124284032006997

4332 Bnni the Jinx (level 10, 0/68 HPs)
             Began as a Formicid Hexslinger on Oct 3, 2023.
             Was a Believer of Hepliaklqana.
             Slain by a wyvern (6 damage)
             ... while petrified by a basilisk
             ... on level 8 of the Dungeon.
             The game lasted 00:24:34 (7976 turns).

Bnni the Jinx (Formicid Hexslinger)                 Turns: 7976, Time: 00:24:36

Health: 0/68       AC:  8    Str: 14    XL:     10   Next: 59%
Magic:  12/18      EV:  2    Int: 12    God:    Hepliaklqana [**....]
Gold:   196        SH:  0    Dex: 20    Spells: 4/20 levels left

rFire   . . .        B - +0 longbow
rCold   . . .        (no shield)
rNeg    + + +        u - +0 troll leather armour
rPois   ∞            (helmet unavailable)
rElec   .            d - +1 cloak
rCorr   .            f - +2 pair of gloves
SInv    +            (no boots)
Will    +....        (no amulet)
Stlth   +            E - ring of poison resistance
HPRegen 1.11/turn    (no ring)
MPRegen 0.16/turn

%: no passive effects
@: petrified
A: reduced essence, permanent stasis, dig shafts and tunnels, antennae 3, four
strong arms
a: Dig, Shaft Self, Renounce Religion, Recall Ancestor, Ancestor Identity


You were on level 8 of the Dungeon.
You worshipped Hepliaklqana.
Hepliaklqana was pleased with you.
You visited 2 branches of the dungeon, and saw 9 of its levels.
You also visited: Sewer.

You collected 276 gold pieces.
You spent 80 gold pieces at shops.

Inventory:

Hand Weapons
 n - a +2 dagger of venom
 B - a +0 longbow (weapon)
Missiles
 c - 8 poisoned darts
 G - 2 curare-tipped darts
Armour
 d - a +1 cloak (worn)
 f - a +2 pair of gloves (worn)
 m - a +0 buckler
 u - a +0 troll leather armour (worn)
Jewellery
 E - a ring of poison resistance (left hand)
Wands
 q - a wand of polymorph (7)
 F - a wand of quicksilver (10)
 H - a wand of flame (25)
Scrolls
 b - a scroll of poison
 e - a scroll of fog
 h - a scroll of amnesia {unknown}
 s - 2 scrolls of immolation
 t - 2 scrolls of enchant armour
 w - a scroll of fear
 y - a scroll of silence
 D - a scroll of enchant weapon
Potions
 a - a potion of attraction {unknown}
 g - a potion of cancellation {unknown}
 i - 3 potions of haste {unknown}
 j - 3 potions of mutation {unknown}
 k - 2 potions of brilliance {unknown}
 l - 3 potions of heal wounds
 o - 4 potions of curing
 p - a potion of enlightenment {unknown}
 r - 2 potions of degeneration {unknown}
 v - 2 potions of lignification {unknown}
 x - a potion of invisibility {unknown}
 z - 2 potions of might {unknown}
 C - a potion of berserk rage {unknown}


   Skills:
 + Level 6.2 Fighting
 * Level 8.2 Ranged Weapons
 + Level 2.7 Armour
 - Level 1.7 Dodging
 + Level 5.6 Spellcasting
 * Level 10.2 Hexes
 - Level 1.0 Fire Magic
 + Level 5.1 Invocations


You had 4 spell levels left.
You knew the following spells:

 Your Spells              Type           Power      Damage    Failure   Level
a - Jinxbite              Hex            54%        N/A       1%          2
b - Inner Flame           Hex/Fire       16%        N/A       7%          3
c - Dimensional Bullseye  Hex/Tloc       7%         N/A       28%         4
d - Cause Fear            Hex            13%        N/A       3%          4
o - Sigil of Binding      Hex            27%        N/A       1%          3

Your spell library contained the following spells:

 Spells                   Type           Power      Damage    Failure   Level
 Confusing Touch          Hex            27%        N/A       1%          3
 Frozen Ramparts          Ice            6%         1d1       56%         3
 Petrify                  Tmut/Erth      3%         N/A       93%         4
 Metabolic Englaciation   Hex/Ice        7%         N/A       61%         5
 Irradiate                Conj/Tmut      1%         3d12      100%        5


Dungeon Overview and Level Annotations

Branches:
Dungeon (8/15)             Temple (1/1) D:5            Lair (0/5) D:8
  Sewer (visited)

Altars:
Ashenzari
Cheibriados
Dithmenos
Elyvilon
Fedhas
Gozag
Hepliaklqana
Kikubaaqudgha
Makhleb
Nemelex Xobeh
Okawaru
Qazlal
Ru
Sif Muna
Trog
Vehumet
Wu Jian
Xom
Zin

Shops:
D:2 !


Innate Abilities, Weirdness & Mutations

Your life essence is reduced to manifest your ancestor. (-10% HP)
You cannot be hasted, slowed, berserked, paralysed or teleported.
You can dig through walls and to a lower floor.
You have a pair of large antennae on your head. (SInv)
Your four strong arms can wield two-handed weapons with a shield.


Message History

The basilisk gazes at you.
You easily resist.
Tankster McGee hits the basilisk with a +0 flail!
You have turned to stone.
The wyvern bites you! The basilisk gazes at you. The wyvern bites you!
Tankster McGee completely misses the basilisk.
The wyvern bites you. The basilisk gazes at you. The wyvern bites you!
The basilisk bites you.
Tankster McGee hits the basilisk with a +0 flail.
The wyvern hisses menacingly.
The wyvern bites you but does no damage.
The wyvern bites you!
The basilisk bites you but does no damage.
The wyvern bites you.
Tankster McGee hits the basilisk with a +0 flail!
The basilisk gazes at you.
You easily resist.
The wyvern bites you! The wyvern bites you! The basilisk bites you!
* * * LOW HITPOINT WARNING * * *
Tankster McGee hits the basilisk with a +0 flail.
The wyvern bites you.
* * * LOW HITPOINT WARNING * * *
The basilisk gazes at you.
The wyvern bites you but does no damage.
Tankster McGee closely misses the basilisk.
The wyvern bites you!
* * * LOW HITPOINT WARNING * * *
The basilisk gazes at you.
You easily resist.
You hear the faint creaking of a portcullis.
The wyvern bites you!
* * * LOW HITPOINT WARNING * * *
The basilisk bites you!
* * * LOW HITPOINT WARNING * * *
Tankster McGee hits the basilisk with a +0 flail!
The wyvern bites you!
You die...

###...######.### **,,{,,**
#...#.........###**,{{,,**
**#.#...######.##.##*,,,,,**
,*#.##.#########.#.#*,{,,,**
,*#......<........##********
,*####.#########...#********
,,.....##########.##
**###############.#
,*#...#######.5l@†#
,,......#####.†##l###
,,..lP..###......R..#
,,...PS.....~~≈~~~~.#
,,,,,,,.....~#####~.#
,,,,,,,.♣...~*,,,*~.#
,,,,,,,...#.~,,∩,*~.#
,,,,,,,...#.~*,,,*~.#
,,>,,,,P.,#.~*****~.#


You could see the friendly Tankster McGee the knight, a basilisk (ally target),
a wyvern and a white imp.

Vanquished Creatures
  The ghost of ouz the Insei, a novice OpSh (D:5)
  A troll (D:5)
  5 yaks (D:8)
  A steam dragon (D:7)
  3 water moccasins (D:8)
  Duvessa (D:5)
  An ice beast (D:5)
  2 sky beasts
  An orc warrior (D:6)
  2 black bears
  2 ogres (D:6)
  A phantom (D:6)
  2 kobold brigands
  4 scorpions (D:5)
  2 wights (D:6)
  Dowan (D:5)
  A vampire bat (D:3)
  2 howler monkeys
  3 hounds (D:5)
  A jelly (D:5)
  Crazy Yiuf (D:2)
  5 iguanas
  4 orc wizards
  Robin (D:2)
  9 adders
  3 river rats
  2 white imps
  An ufetubus (D:7)
  A worm (D:2)
  2 dart slugs (D:1)
  3 fire bats (D:3)
  9 orcs
  A spectral bat (D:3)
  15 bats
  3 bat skeletons (D:3)
  A bat zombie (D:3)
  9 endoplasms
  2 giant cockroaches (D:3)
  17 goblins
  15 hobgoblins
  4 jackals
  13 kobolds
  8 quokkas
  7 ball pythons
  A bat simulacrum (D:3)
  8 frilled lizards
  13 rats
195 creatures vanquished.

Vanquished Creatures (collateral kills)
  A yak (D:8)
  A sky beast (D:7)
  A wight (D:6)
  A howler monkey (D:7)
  A hound (D:6)
  An orc (D:7)
  6 kobolds
12 creatures vanquished.

Vanquished Creatures (others)
  4 ancestors
  A spectral bat (D:3)
5 creatures vanquished.

Grand Total: 212 creatures vanquished

Notes
Turn   | Place    | Note
-------+----------+-------------------------------------------
     0 | D:1      | Bnni the Formicid Hexslinger began the quest for the Orb.
     0 | D:1      | Reached XP level 1. HP: 15/15 MP: 2/2
   181 | D:1      | Reached XP level 2. HP: 21/21 MP: 3/3
   185 | D:1      | Learned a level 2 spell: Jinxbite
   204 | D:1      | Reached skill level 4 in Hexes
   288 | D:1      | Reached XP level 3. HP: 26/26 MP: 5/5
   623 | D:2      | Found a faded altar of an unknown god.
   743 | D:2      | Reached XP level 4. HP: 33/33 MP: 6/6
   913 | D:2      | Noticed Robin
   925 | D:2      | Killed Robin
  1019 | D:2      | Learned a level 4 spell: Cause Fear
  1043 | D:2      | Found Etzafeto's Distillery.
  1052 | D:2      | Bought a potion of heal wounds for 50 gold pieces
  1052 | D:2      | Bought a potion of curing for 30 gold pieces
  1231 | D:2      | Reached XP level 5. HP: 38/38 MP: 7/7
  1378 | D:2      | Found a runed translucent door.
  1379 | D:2      | Noticed Crazy Yiuf
  1401 | D:2      | Killed Crazy Yiuf
  1876 | D:3      | Got an innocuous book
  1939 | D:3      | Found a shimmering altar of Xom.
  1939 | D:3      | Found a broken altar of Ashenzari.
  1995 | D:3      | Reached skill level 5 in Hexes
  2203 | D:3      | Found a glowing drain.
  2212 | D:3      | Reached XP level 6. HP: 35/42 MP: 5/9
  2250 | Sewer    | Entered a sewer
  2255 | Sewer    | Learned a level 3 spell: Sigil of Binding
  3751 | D:4      | Noticed a black bear
  4117 | D:4      | Reached XP level 7. HP: 49/51 MP: 9/11
  4147 | D:4      | Reached skill level 6 in Hexes
  4549 | D:5      | Entered Level 5 of the Dungeon
  4645 | D:5      | Found a runed translucent door.
  4649 | D:5      | Noticed ouz's ghost (novice OpSh)
  4649 | D:5      | Noticed a troll
  4700 | D:5      | Noticed Dowan
  4714 | D:5      | Killed Dowan
  4775 | D:5      | Reached skill level 5 in Ranged Weapons
  4781 | D:5      | Found a staircase to the Ecumenical Temple.
  4790 | Temple   | Entered the Ecumenical Temple
  4797 | Temple   | Became a worshipper of Hepliaklqana the Forgotten
  4814 | D:5      | Reached XP level 8. HP: 50/58 MP: 9/13
  4934 | D:5      | Learned a level 3 spell: Inner Flame
  4962 | D:5      | Reached skill level 7 in Hexes
  4962 | D:5      | Reached skill level 1 in Invocations
  5312 | D:5      | Noticed Duvessa
  5329 | D:5      | You fall into a shaft and drop 2 floors!
  5621 | D:6      | Reached XP level 9. HP: 64/66 MP: 6/15
  5622 | D:6      | Reached skill level 8 in Hexes
  5664 | D:6      | Learned a level 4 spell: Dimensional Bullseye
  5900 | D:6      | Found an ornate altar of the Wu Jian Council.
  5959 | D:6      | Reached * piety under Hepliaklqana
  6737 | D:5      | Killed Duvessa
  6738 | D:5      | Reached skill level 5 in Fighting
  6838 | D:5      | Killed a troll
  6838 | D:5      | Killed ouz's ghost
  6839 | D:5      | Reached skill level 5 in Spellcasting
  6839 | D:5      | Reached skill level 9 in Hexes
  7060 | D:6      | Reached XP level 10. HP: 66/66 MP: 15/17
  7105 | D:6      | Reached skill level 1 in Armour
  7360 | D:7      | Found a stormy altar of Qazlal.
  7527 | D:7      | Reached ** piety under Hepliaklqana
  7528 | D:7      | Remembered your ancestor Tankster McGee as a knight
  7612 | D:7      | Identified the +10 flail of Mokhaim {flame, rN+ MP+9 Str-5}
  7938 | D:8      | Reached skill level 10 in Hexes
  7956 | D:8      | Reached skill level 5 in Invocations
  7976 | D:8      | Slain by a wyvern

Illustrated notes

Levels and vault maps discovered:
D:1:      dpeg_arrival_concentric_ovals, layout_rooms, serial_glass,
          glass_columns_a, glass_columns_b
D:2:      cheibrodos_helix_gallery, layout_basic, serial_shops,
          nicolae_shop_advertising_works [nicolae_subvault_shop_adworks],
          ebering_ecumenical_altar_hall, uniq_crazy_yiuf_cottage, uniq_robin
D:3:      layout_loops_corners, gammafunk_temple_overflow_pools,
          portal_sewer_entry_a, goddamned_bats
D:4:      layout_basic
D:5:      layout_basic, minmay_temple_entry_tees, ebering_ghost_inner_flame,
          kennysheep_potato, uniq_duvessa
D:6:      layout_layer_cave, mainiacjoe_overflow_paths, grunt_ministairs_14,
          kennysheep_another_room
D:7:      layout_cave_pods, nicolae_qazlal_beasts_of_the_sky
D:8:      layout_loops_ring, nicolae_uskayaw_dance_studio,
          minmay_lair_entry_grove, enter_bailey_3, minmay_chambers_of_fives
Temple:   eino_wide_crystal_templ

Skill      XL: |  1  2  3  4  5  6  7  8  9 10 |
---------------+-------------------------------+-----
Hexes          | 4 5 6 7 9 10 | 10.2
Ranged Weapons | 3 4 5 6 7 8 |  8.2
Fighting       | 2 3 4 5 6 |  6.2
Spellcasting   | 2 3 4 5 |  5.6
Invocations    | 2 4 5 |  5.1
Armour         | 2 |  2.7
Dodging        | |  1.7
Fire Magic     | |  1.0

Action                     |  1- 3 |  4- 6 |  7- 9 | 10-12 || total
---------------------------+-------+-------+-------+-------++-------
  Melee: Unarmed           |       |     2 |       |       ||     2
   Fire: Sling             |    97 |   308 |   260 |    10 ||   675
         Longbow           |       |       |       |    39 ||    39
  Throw: Throwing net      |       |       |     3 |       ||     3
         Dart              |       |       |     2 |       ||     2
   Cast: Jinxbite          |     3 |     9 |    18 |       ||    30
         Cause Fear        |       |     1 |     1 |     1 ||     3
         Sigil of Binding  |       |       |     6 |     1 ||     7
         Inner Flame       |       |       |    10 |     7 ||    17
 Invoke: Recall Ancestor   |       |       |     1 |     3 ||     4
         Ancestor Identity |       |       |     1 |       ||     1
         Ancestor Life: Kn |       |       |       |     1 ||     1
Ability: Dig               |       |     4 |       |       ||     4
         Shaft Self        |       |       |     1 |       ||     1
    Use: Scroll            |       |     4 |     5 |     2 ||    11
 Armour: Robe              |    21 |   142 |    59 |       ||   222
         Troll leather arm |       |       |    22 |    29 ||    51
  Dodge: Dodged            |    30 |   170 |    77 |    10 ||   287
  Block: Buckler           |       |    26 |       |       ||    26

Table legend: (Time is in decaauts)
 A = Elapsed time spent in this place.
 B = Non-inter-level travel time spent in this place.
 C = Inter-level travel time spent in this place.
 D = Time resting spent in this place.
 E = Time spent auto-exploring this place.
 F = Levels seen in this place.
 G = Mean time per level.
                   A        B        C        D        E       F      G
               +--------+--------+--------+--------+--------+-----+--------+
         Total |   8173 |   7871 |    302 |    993 |   4608 |  10 |  817.3 |
       Dungeon |   7486 |   7184 |    302 |    897 |   4237 |   8 |  935.8 |
        Temple |     14 |     14 |      0 |      0 |      0 |   1 |   14.0 |
         Sewer |    672 |    672 |      0 |     96 |    371 |   1 |  672.0 |
               +--------+--------+--------+--------+--------+-----+--------+

Top non-repeatable levels by time:
     D:6: 1447 daAuts
     D:3: 1336 daAuts
     D:2: 1261 daAuts
     D:5: 999 daAuts
     D:7: 907 daAuts
     D:4: 811 daAuts
   Sewer: 672 daAuts
     D:1: 622 daAuts
     D:8: 100 daAuts
  Temple: 14 daAuts
